cohdb
Replays
Latest Replays
All Replays
Popular Replays
Top Player Replays
Match Explorer
How It Works
Community
CoH3 Stats
Reddit
Sign in to upload your games and track your stats! →
Sign in with Steam
Match 45858371
Unlisted
Match 45858371
Overview
Messages
Build Orders
End
Panzergrenadier Squad
Panzergrenadier Squad
Panzergrenadier Squad
Construct Light Support Kompanie
Construct Mechanized Kompanie
Panzergrenadier Squad
Support Armor Elements
2.5-tonne Medical Truck
StuG III D Assault Gun
Pak 38 Mechanized Group
Veteran Squad Leaders
Construct Panzerarmee Kommand
Vehicle Survival Package
Panzer III L Medium Tank
Emergency Repair Kits
Armored Reserves
Selects Italian Infantry
Selects Guastatori Squad
Selects Registered Artillery
Selects Towed Cannone da 105/28 Field Howitzer
Towed Cannone da 105/28 Field Howitzer
Panzer IV Assault Group
Registered Artillery
Flak 36 Anti-tank Gun Team
Selects Sound the Alarm
Selects Prepared Positions
Selects Obice 305mm Barrage
Obice 305mm Barrage
mi prima de Cifuentes
Göteborgs Prima Fint
小学猫
GANDX
波菜
Beta
Breizhell [FR]
KELE
0
0
Comments
sign in to comment!
No comments posted yet!